 Dungeon Crawl Stone Soup version 0.17-a0-1923-gc35365e (webtiles) character file.

37 musteatbrain the Sneak (level 3, -5/19 HPs)
             Began as a Vine Stalker Assassin on Sept 28, 2015.
             Slain by a goblin
             ... wielding a +0 dagger
             ... led by Robin
              (6 damage)
             ... on level 2 of the Dungeon.
             The game lasted 00:02:33 (832 turns).

musteatbrain the Sneak (Vine Stalker Assassin)       Turns: 832, Time: 00:02:33

Health: -5/19      AC:  3    Str: 13    XL:     3   Next: 41%
Magic:  0/4        EV: 11    Int: 11    God:
Gold:   56         SH:  0    Dex: 16    Spells: 0 memorised, 2 levels left

rFire  . . .     SeeInvis .     a - +2 dagger
rCold  . . .     Clarity  .     c - +0 robe
rNeg   . . .     SustAt   .     (no shield)
rPois  .         Gourm    .     (no helmet)
rElec  .         Spirit   +     d - +0 cloak
rCorr  .         Warding  .     (no gloves)
rMut   .         Stasis   .     (no boots)
MR     .....                    (no amulet)
Stlth  +++.......               (no ring)
                                (no ring)

@: not resistant to hostile enchantments, fairly stealthy
A: fangs 2, regeneration 1, magic shield, antimagic bite, no device heal 3, rot
immunity
a: no special abilities


You were on level 2 of the Dungeon.
You were not hungry.

You visited 1 branch of the dungeon, and saw 2 of its levels.

You collected 56 gold pieces.

Inventory:

Hand weapons
 a - a +2 dagger (weapon)
 b - a +0 blowgun
Missiles
 e - 8 poisoned needles
 f - 2 curare-tipped needles
Armour
 c - a +0 robe (worn)
 d - a +0 cloak (worn)
Jewellery
 o - an uncursed ring of protection from cold {unknown}
Scrolls
 k - a scroll of identify {unknown}
 m - a scroll of enchant weapon {unknown}
Potions
 h - a potion of curing
 i - a potion of agility {unknown}
 l - a potion of haste {unknown}
 n - a potion of brilliance {unknown}
 p - a potion of heal wounds {unknown}
 q - a potion of mutation {unknown}
Comestibles
 g - a bread ration
 r - a slice of pizza
 s - a chunk of flesh


   Skills:
 + Level 2.5 Fighting
 * Level 2.8 Short Blades
 - Level 1.7 Throwing
 - Level 0.7 Dodging
 - Level 4.8 Stealth


You had 2 spell levels left.
You didn't know any spells.

Dungeon Overview and Level Annotations

Branches:
Dungeon (2/15)

Altars:
Zin

Shops:
D:2 *

Annotations:
D:2 Robin


Innate Abilities, Weirdness & Mutations

You have extremely sharp teeth.
Your natural rate of healing is unusually fast.
When hurt, damage is shared between your health and your magic reserves.
Your bite disrupts and absorbs the magic of your enemies.
Potions and wands cannot restore your health.
You are immune to rotting.


Message History

You feel invigorated.
The hobgoblin is moderately wounded.
The goblin closely misses you. The goblin misses you. Robin closely misses you.
The hobgoblin barely misses you. The hobgoblin closely misses you.
Drink which item? (? for menu, Esc to quit)
You have no ailments to cure.
You hit the hobgoblin.
You kill the hobgoblin!
The hobgoblin closely misses you. The goblin barely misses you.
The goblin hits you but does no damage. The goblin hits you with a dagger.
* * * LOW HITPOINT WARNING * * *
The hobgoblin closely misses you. Robin throws the goblin at you!
The goblin barely misses you.
Drink which item? (? for menu, Esc to quit)
It was a potion of cure mutation.
It has a very clean taste.
The goblin closely misses you.
The hobgoblin hits you but does no damage.
The goblin barely misses you. The goblin misses you.
The goblin hits you with a dagger!
You die...

##.......###
##.##.)......#.# ####....#
####...h........#.##
#..#####....#.###.........#
#).# ##..# #..# ###.##..#..
########..####÷## #.#..####
#.....#........# ###...##
..............#####....####
...........ggg##..........#
......$...rg@†##..........#
..........)g.g##..........#
...........g..#####....####
.......(......# ######
.......>..[...#
.............##
#.....#.....##
#############


You could see Robin, a jackal (wandering), 2 hobgoblins, 4 goblins and a rat.

Vanquished Creatures
  An adder (D:2)
  2 worms (D:2)
  3 bats (D:2)
  4 goblins
  4 hobgoblins
  2 giant cockroaches (D:1)
  4 kobolds
  A quokka (D:2)
  A rat (D:1)
22 creatures vanquished.

Notes
Turn   | Place    | Note
--------------------------------------------------------------
     0 | D:1      | musteatbrain the Vine Stalker Assassin began the quest for the Orb.
     0 | D:1      | Reached XP level 1. HP: 11/11 MP: 2/2
   321 | D:1      | Reached XP level 2. HP: 15/15 MP: 3/3
   620 | D:2      | Found Zin's Purification Station.
   621 | D:2      | Found a glowing silver altar of Zin.
   653 | D:2      | Reached XP level 3. HP: 17/19 MP: 4/4
   809 | D:2      | Noticed Robin
   832 | D:2      | Slain by a goblin

Vault maps used:
D:1:      tarquinn_simple_flora_water_f, kennysheep_crisscross,
          serial_bayou_lagoon_a
D:2:      zin_purify, uniq_robin

Action                   || total
-------------------------++-------
Melee: Dagger            ||    40
  Use: Potion            ||     2
 Stab: Sleeping          ||    10
